 Dungeon Crawl Stone Soup version 0.31.0-11-ge490571c62 (webtiles) character file.

Game seed: 14829303992717809656

18191 James the Thaumaturge (level 12, 0/70 HPs)
             Began as a Gargoyle Earth Elementalist on Feb 5, 2024.
             Was a Priest of Ashenzari.
             Slain by a fire elemental (8 damage)
             ... summoned by a deep elf pyromancer
             ... on level 10 of the Dungeon on Feb 7, 2024.
             The game lasted 01:12:11 (15651 turns).

James the Thaumaturge (GrEE)                       Turns: 15651, Time: 01:12:11

Health: 0/70       AC: 20    Str: 12    XL:     12   Next: 55%
Magic:  23/27      EV: 17    Int: 27    God:    Ashenzari [***...]
Gold:   1164       SH:  5    Dex: 10    Spells: 20/34 levels left

rFire   . . .        a - +6 morningstar of Xuzamoez {spect, rPois Will+}
rCold   . . .        N - +0 buckler of the Visionary Empyrean {Range, Cun} (curse)
rNeg    + . .        Q - +0 steam dragon scales
rPois   ∞            B - +1 hat "I Foresaw This" {Range, Comp} (curse)
rElec   +            w - +2 cloak of Ashenzari's Omen {rCorr, Melee, Sorc} (curse)
rCorr   +            L - +0 pair of gloves "Enlightened Morality" {Range, Comp} (curse)
SInv    +            (no boots)
Will    +....        (no amulet)
Stlth   ++           n - ring of the Unyielding Gaze {Int+6, Elem, Melee} (curse)
HPRegen 0.31/turn    E - +5 ring of evasion
MPRegen 0.20/turn

%: clarity
@: no status effects
A: sickness immunity, AC +8, negative energy resistance 1, electricity
resistance, torment resistance 1, petrification resistance
a: Renounce Religion, Shatter the Chains


You were on level 10 of the Dungeon.
You worshipped Ashenzari.
Ashenzari was most pleased with you.
You visited 2 branches of the dungeon, and saw 12 of its levels.
You also visited: Bailey.

You collected 1164 gold pieces.

Inventory:

Hand Weapons
 a - the +6 morningstar of Xuzamoez (weapon) {spect, rPois Will+}
   (You found it in a bailey)

   rPois:     It protects you from poison Will+: It increases your willpower.
 r - the +5 flail of Loigori {protect, Dex+5}
   (You found it on level 4 of the Dungeon)

   Dex+5:     It affects your dexterity (+5).
 P - a +1 antimagic sling
   (You took it off an orc priest on level 11 of the Dungeon)
 X - the +1 trident of Gehenna {drain, rElec rPois rC+ rN+}
   (You found it on level 7 of the Dungeon)

   rC+:       It protects you from cold.
   rElec:     It insulates you from electricity.
   rPois:     It protects you from poison rN+: It protects you from negative
   energy.
Missiles
 u - 11 boomerangs
 y - 18 poisoned darts
 R - 9 curare-tipped darts {!f}
Armour
 c - a +4 ring mail
   (You took it off an orc warrior in a bailey)
 h - the +8 plate armour of Qaqu {rElec rPois rCorr MP-9 Int+4}
   (You found it in a bailey)

   Int+4:     It affects your intelligence (+4).
   rElec:     It insulates you from electricity.
   rPois:     It protects you from poison MP-9: It affects your magic capacity
   (-9).
   rCorr:     It protects you from acid and corrosion.
 w - the cursed +2 cloak of Ashenzari's Omen (worn) {rCorr, Melee, Sorc}
   (You acquired it on level 9 of the Dungeon)

   It has a curse which improves the following skills: Melee Combat: Short
   Blades, Long Blades, Axes, Maces & Flails, Polearms, Staves and Unarmed
   Combat.
   Sorcery:   Conjurations and Alchemy.
 B - the cursed +1 hat "I Foresaw This" (worn) {Range, Comp}
   (You found it on level 3 of the Dungeon)

   It has a curse which improves the following skills: Ranged Combat: Ranged
   Weapons and Throwing.
   Companions: Summonings and Necromancy.
 G - a +0 tower shield
   (You found it on level 4 of the Dungeon)
 I - a +2 robe of positive energy
   (You took it off Pikel on level 5 of the Dungeon)
 L - the cursed +0 pair of gloves "Enlightened Morality" (worn) {Range, Comp}
   (You found it on level 7 of the Dungeon)

   It has a curse which improves the following skills: Ranged Combat: Ranged
   Weapons and Throwing.
   Companions: Summonings and Necromancy.
 N - the cursed +0 buckler of the Visionary Empyrean (worn) {Range, Cun}
   (You took it off a gnoll sergeant on level 6 of the Dungeon)

   It has a curse which improves the following skills: Ranged Combat: Ranged
   Weapons and Throwing.
   Cunning:   Dodging and Stealth.
 Q - +0 steam dragon scales (worn)
   (You found it on level 6 of the Dungeon)
 S - +0 acid dragon scales
   (You found it on level 6 of the Dungeon)
 T - a +0 troll leather armour
   (You found it on level 11 of the Dungeon)
 Z - a +0 helmet
   (You found it on level 11 of the Dungeon)
Magical Staves
 H - a staff of death
   (You found it on level 10 of the Dungeon)
Jewellery
 b - a ring of resist corrosion
   (You found it on level 10 of the Dungeon)
 e - a ring of willpower
   (You found it on level 10 of the Dungeon)
 n - the cursed ring of the Unyielding Gaze (left hand) {Int+6, Elem, Melee}
   (You found it on level 1 of the Dungeon)

   [ring of intelligence]

   Int+6:     It affects your intelligence (+6).
   It has a curse which improves the following skills: Elements: Fire Magic, Ice
   Magic, Air Magic and Earth Magic.
   Melee Combat: Short Blades, Long Blades, Axes, Maces & Flails, Polearms,
   Staves and Unarmed Combat.
 p - a ring of ice
   (You found it on level 2 of the Dungeon)
 E - a +5 ring of evasion (right hand)
   (You took it off a kobold brigand on level 4 of the Dungeon)
 J - a ring of magical power
   (You found it on level 10 of the Dungeon)
Wands
 d - a wand of iceblast (4)
   (You found it on level 5 of the Dungeon)
 m - a wand of charming (26)
   (You took it off Ijyb on level 4 of the Dungeon)
 t - a wand of flame (15)
   (You took it off Sigmund on level 5 of the Dungeon)
 x - a wand of acid (7)
   (You found it on level 8 of the Dungeon)
 W - a wand of polymorph (7)
   (You found it on level 6 of the Dungeon)
Scrolls
 f - 2 scrolls of enchant armour
 i - a scroll of poison
 k - 3 scrolls of vulnerability {!r}
 o - 6 scrolls of torment {!r}
 q - 2 scrolls of teleportation {@r4}
 C - 2 scrolls of fear
 O - a scroll of fog
 U - 2 scrolls of revelation
 V - 2 scrolls of immolation {!r}
Potions
 g - 3 potions of ambrosia
 j - a potion of haste {@q3}
 s - 2 potions of lignification {!q}
 v - 7 potions of curing {@q1}
 z - a potion of invisibility
 D - a potion of mutation {!q}
 F - a potion of brilliance
 K - 2 potions of cancellation
 M - a potion of magic
 Y - a potion of enlightenment


   Skills:
 - Level 6.0 Fighting
 - Level 9.8(12.0) Maces & Flails
 - Level 5.0 Armour
 - Level 2.0(3.1) Dodging
 - Level 2.1(3.3) Stealth
 - Level 6.0 Shields
 + Level 11.7 Spellcasting
 - Level 7.0(8.5) Conjurations
 - Level 1.0 Translocations
 - Level 7.8(9.3) Earth Magic
 - Level 1.2(2.2) Alchemy


You had 20 spell levels left.
You knew the following spells:

 Your Spells              Type           Power      Damage    Failure   Level
a - Sandblast             Erth           100%       2d20      1%          1
b - Brom's Barrelling Bo  Conj/Erth      59%        2d7       1%          4
c - Petrify               Alch/Erth      47%        N/A       4%          4
d - Blink                 Tloc           42%        N/A       4%          2
x - Stone Arrow           Conj/Erth      100%       3d13      1%          3

Your spell library contained the following spells:

 Spells                   Type           Power      Damage    Failure   Level
 Kiss of Death            Conj/Necr      100%       2d13      1%          1
 Momentum Strike          Conj/Tloc      82%        3d10      1%          2
 Passwall                 Erth           60%        N/A       1%          3
 Dazzling Flash           Conj/Hex       76%        N/A       2%          3
 Lee's Rapid Deconstruct  Erth           30%        3d16*     2%          5
 Mephitic Cloud           Conj/Alch/Air  35%        N/A       3%          3
 Necrotise                Necr           68%        1d7       4%          1
 Slow                     Hex            60%        N/A       4%          1
 Lesser Beckoning         Tloc           42%        N/A       4%          2
 Leda's Liquefaction      Alch/Erth      23%        N/A       4%          4
 Iskenderun's Mystic Bla  Conj/Tloc      41%        2d9       7%          4
 Vampiric Draining        Necr           17%        2d7       13%         3
 Confusing Touch          Hex            15%        N/A       14%         3
 Sigil of Binding         Hex            15%        N/A       14%         3
 Tukima's Dance           Hex            15%        N/A       14%         3
 Bombard                  Conj/Erth      29%        9d5       19%         6
 Arcjolt                  Conj/Air       19%        1d29      22%         5
 Dimensional Bullseye     Hex/Tloc       9%         N/A       36%         4
 Vhi's Electric Charge    Tloc/Air       38%        N/A       36%         4
 Dispel Undead            Necr           17%        3d10      38%         4
 Martyr's Knell           Necr/Summ      17%        N/A       38%         4
 Curse of Agony           Necr           17%        N/A       75%         5
 Silence                  Hex/Air        8%         N/A       77%         5
 Plasma Beam              Fire/Air       8%         2x1d18    100%        6


Dungeon Overview and Level Annotations

Branches:
Dungeon (11/15)            Temple (1/1) D:6            Lair (0/5) D:11
    Orc (0/2) D:10         Bailey (visited)

Altars:
Ashenzari
Cheibriados
Dithmenos
Elyvilon
Fedhas
Gozag
Hepliaklqana
Kikubaaqudgha
Makhleb
Nemelex Xobeh
Okawaru
Qazlal
Ru
Sif Muna
Trog
Uskayaw
Vehumet
Wu Jian
Xom
Yredelemnul
Zin
The Shining One

Annotations:
D:2 Terence


Innate Abilities, Weirdness & Mutations

You are immune to sickness and miasma.
Your stone body is resilient. (AC +8)
You are immune to poison.
You resist negative energy. (rN+)
You are resistant to electric shocks. (rElec)
You are resistant to unholy torment.
You are immune to petrification.


Message History

The fire elemental misses you. The fire elemental hits you.
The fire elemental burns you!
* * * LOW HITPOINT WARNING * * *
The fire elemental misses you.
The fire elemental completely misses you.
Unknown command.
Okay, then.
Unknown command.
Okay, then.
Press: ? - help, Shift-Dir - straight line, f - fire elemental, p - deep elf pyromancer
Aim: a fire elemental (summoned, infinite will)
Okay, then.
Unknown command.
Unknown command.
Okay, then.
Okay, then.
Unknown command.
Press: ? - help, v - describe, . - travel
Here: a fire elemental (summoned)
The floor, spattered with blood.
Unknown command.
Okay, then.
Okay, then.
Press: ? - help, v - describe, . - travel
Here: a fire elemental (summoned)
The floor, spattered with blood.
Blink to where?
Press: ? - help, Dir - move target, p - deep elf pyromancer
As you read the scroll of blinking, it crumbles to dust.
There is an open door here.
You open the door. The fire elemental hits you. The fire elemental burns you!
* * * LOW HITPOINT WARNING * * *
The fire elemental hits you. The fire elemental burns you!
* * * LOW HITPOINT WARNING * * *
There is an open door here.
You hit the fire elemental. The fire elemental hits you.
The fire elemental burns you!
* * * LOW HITPOINT WARNING * * *
You closely miss the fire elemental. The fire elemental closely misses you.
You puncture the fire elemental! You block the fire elemental's attack.
You hit the fire elemental.
You destroy the fire elemental!
The fire elemental disappears in a puff of smoke!
You block the fire elemental's attack.
You hit the fire elemental but do no damage.
The fire elemental hits you. The fire elemental burns you!
* * * LOW HITPOINT WARNING * * *
You bludgeon the fire elemental!! The fire elemental hits you.
The fire elemental burns you!
You die...

............#..[.......##...#####
...########################.#
...# ##...####### #.# ### ...#
##......[...###.###.. ...#
#####.......###..##.##..# ...#
##..##.......# ##...^...## ...#
#...##.......############# ...#
#...###.....###≈#.E○E○..#≈ ...#
##..'####@######.{○###{..#
...#### #.##'..#E#°.##.{E## ##{☼)
......# #.##....E.○..#°○## ##.○
......# #.##.....).☼○'..## ##..
......# #.###.......##...## ##...
......# #.# #.......###...###...#
......# #.#####...######.......##
......# #.##.#######..###'###+###
......# #.##...#.=.#...[...#...).


You could see 2 fire elementals.

Vanquished Creatures
  A two-headed ogre (D:11)
  An orc high priest (Bailey)
  3 deep elf archers (D:10)
  A deep elf pyromancer (D:10)
  Pikel (D:5)
  A cyclops (D:11)
  A cane toad (shapeshifter) (D:10)
  A gargoyle (D:10)
  A kobold demonologist (Bailey)
  Jeremiah (D:9)
  4 trolls (D:11)
  2 hornets
  A raiju (shapeshifter) (D:10)
  Sigmund (D:5)
  2 wraiths (D:7)
  A slime creature (D:7)
  9 yaks
  A spriggan (shapeshifter) (D:6)
  A wyvern (D:6)
  A basilisk (D:11)
  A vampire mosquito (D:6)
  5 fire bats (D:10)
  3 steam dragons
  A warg (D:11)
  Menkaure (D:4)
  A water moccasin (shapeshifter) (D:10)
  2 acid dragons
  A water moccasin (D:9)
  17 orc warriors
  4 sky beasts
  A black bear (shapeshifter) (D:10)
  6 ice beasts
  4 ogres
  6 centaurs
  4 black bears
  2 wolves (D:11)
  3 phantoms
  5 kobold brigands
  2 gnoll sergeants
  3 bullfrogs
  2 scorpions
  11 wights
  5 killer bees
  2 electric eels (Bailey)
  6 howler monkeys
  2 bombardier beetles (D:6)
  6 hounds
  3 jellies
  8 orc priests
  Crazy Yiuf (D:5)
  2 gnoll boudas
  3 iguanas
  Jessica (D:2)
  A sleepcap (D:7)
  16 orc wizards
  Ijyb (D:4)
  16 gnolls
  4 adders
  3 shadow imps
  7 white imps
  An ufetubus (D:6)
  A dart slug (D:5)
  A ribbon worm (D:4)
  27 orcs
  8 endoplasms
  8 giant cockroaches (D:1)
  17 goblins
  6 hobgoblins
  8 jackals
  26 kobolds
  3 quokkas
  11 ball pythons
  4 bats
  4 frilled lizards
  6 rats
338 creatures vanquished.

Vanquished Creatures (collateral kills)
  A boulder (D:8)
1 creature vanquished.

Vanquished Creatures (others)
  A boulder (D:6)
1 creature vanquished.

Grand Total: 340 creatures vanquished

Notes
Turn   | Place    | Note
-------+----------+-------------------------------------------
     0 | D:1      | James the Gargoyle Earth Elementalist began the quest for
                  | the Orb.
     0 | D:1      | Reached XP level 1. HP: 10/10 MP: 3/3
   120 | D:1      | Reached skill level 1 in Fighting
   250 | D:1      | Reached XP level 2. HP: 13/17 MP: 1/5
   598 | D:1      | Reached XP level 3. HP: 13/21 MP: 2/6
   636 | D:1      | Learned a level 3 spell: Stone Arrow
  1400 | D:2      | Noticed Terence
  1546 | D:2      | Noticed Jessica
  1552 | D:2      | Killed Jessica
  1553 | D:2      | Reached XP level 4. HP: 26/26 MP: 4/8
  1769 | D:2      | Reached skill level 3 in Spellcasting
  1968 | D:2      | Found a faded altar of an unknown god.
  2237 | D:3      | Found a sparkling altar of Nemelex Xobeh.
  2536 | D:3      | Found a glowing golden altar of the Shining One.
  2541 | D:3      | Reached XP level 5. HP: 30/30 MP: 7/9
  3281 | D:4      | Noticed a kobold brigand
  3353 | D:4      | Noticed Ijyb
  3353 | D:4      | Noticed Menkaure
  3356 | D:4      | Killed Menkaure
  3357 | D:4      | Reached skill level 4 in Spellcasting
  3357 | D:4      | Reached XP level 6. HP: 31/35 MP: 4/12
  3478 | D:4      | Killed Ijyb
  3479 | D:4      | Reached skill level 5 in Earth Magic
  3567 | D:4      | Identified the +5 flail of Loigori {protect, Dex+5}
  4368 | D:5      | Entered Level 5 of the Dungeon
  4375 | D:5      | Reached XP level 7. HP: 41/41 MP: 8/13
  4478 | D:5      | Found a broken altar of Ashenzari.
  4482 | D:5      | Found an ancient bone altar of Kikubaaqudgha.
  4487 | D:5      | Found a blossoming altar of Fedhas.
  4509 | D:5      | Became a worshipper of Ashenzari the Shackled
  4585 | D:5      | Noticed Pikel
  4599 | D:5      | Killed Pikel
  4600 | D:5      | Reached skill level 6 in Spellcasting
  4600 | D:5      | Reached XP level 8. HP: 22/48 MP: 0/17
  4836 | D:5      | Noticed Sigmund
  4871 | D:5      | Killed Sigmund
  4872 | D:5      | Reached skill level 7 in Spellcasting
  5163 | D:5      | Found a runed translucent door.
  5164 | D:5      | Noticed Crazy Yiuf
  5168 | D:5      | Killed Crazy Yiuf
  5847 | D:5      | Upgraded the game from 0.31.0-9-g3a7656b989 to
                  | 0.31.0-11-ge490571c62
  5852 | D:5      | Learned a level 4 spell: Brom's Barrelling Boulder
  5878 | D:6      | Reached skill level 5 in Conjurations
  5983 | D:6      | Found a staircase to the Ecumenical Temple.
  6034 | D:6      | Reached XP level 9. HP: 50/52 MP: 9/19
  6104 | Temple   | Entered the Ecumenical Temple
  6569 | D:6      | Reached skill level 8 in Spellcasting
  6925 | D:7      | Identified the +1 trident of Gehenna {drain, rElec rPois
                  | rC+ rN+}
  6970 | D:7      | Found a flagged portal.
  7029 | Bailey   | Entered a bailey
  7142 | Bailey   | Learned a level 4 spell: Petrify
  7435 | Bailey   | Reached skill level 5 in Fighting
  7435 | Bailey   | Reached XP level 10. HP: 55/59 MP: 15/22
  7559 | Bailey   | Noticed an orc high priest
  7567 | Bailey   | Noticed an orange demon
  7571 | Bailey   | Killed an orc high priest
  7572 | Bailey   | Reached skill level 9 in Spellcasting
  8111 | Bailey   | Found an iron altar of Okawaru.
  8111 | Bailey   | Noticed a kobold demonologist
  8119 | Bailey   | Noticed a sun demon
  8121 | Bailey   | Killed a kobold demonologist
  8122 | Bailey   | Reached skill level 10 in Spellcasting
  8255 | Bailey   | Identified the +8 plate armour of Qaqu {rElec rPois rCorr
                  | MP-9 Int+4}
  8289 | Bailey   | Identified the +6 morningstar of Xuzamoez {spect, rPois
                  | Will+}
  8417 | D:7      | Reached * piety under Ashenzari
  8505 | D:7      | Reached skill level 5 in Armour
  8549 | D:7      | Reached skill level 1 in Maces & Flails
  9140 | D:7      | Reached skill level 1 in Shields
  9147 | D:7      | Reached skill level 5 in Maces & Flails
  9147 | D:7      | Reached XP level 11. HP: 52/64 MP: 25/25
 10000 | D:7      | Found a radiant altar of Vehumet.
 10185 | D:8      | Found an ornate altar of the Wu Jian Council.
 10212 | D:7      | Reached ** piety under Ashenzari
 11158 | D:9      | Learned a level 2 spell: Blink
 11521 | D:9      | Noticed Jeremiah
 11552 | D:9      | Killed Jeremiah
 12173 | D:9      | Acquired a +1 cloak of preservation
 12219 | D:10     | Entered Level 10 of the Dungeon
 12259 | D:10     | Reached skill level 5 in Shields
 12596 | D:10     | Found a staircase to the Orcish Mines.
 13230 | D:10     | Found a basalt altar of Yredelemnul.
 13286 | D:10     | Found a glowing silver altar of Zin.
 13462 | D:11     | Noticed a cyclops
 13800 | D:11     | Noticed a two-headed ogre
 13813 | D:11     | Killed a two-headed ogre
 13814 | D:11     | Reached skill level 1 in Alchemy
 13824 | D:11     | Reached XP level 12. HP: 70/70 MP: 9/26
 13967 | D:11     | Reached skill level 1 in Translocations
 14392 | D:11     | Found a staircase to the Lair.
 14620 | D:11     | Reached *** piety under Ashenzari
 14807 | D:11     | Found a hide-covered altar of Uskayaw.
 15240 | D:10     | Reached skill level 11 in Spellcasting
 15651 | D:10     | Slain by a fire elemental

Illustrated notes

Levels and vault maps discovered:
D:1:      dpeg_arrival_tiny_d, layout_basic, minmay_misc_feat_pillars,
          minmay_worlds_worst_comb
D:2:      layout_basic, shapermc_ecumenical_altar_mp_ritualfount, uniq_jessica,
          uniq_terence
D:3:      layout_basic, old_standard_altar, lemuel_tele_altar
D:4:      cheibrodos_old_hovel, layout_cave_pods, uniq_ijyb, uniq_menkaure
D:5:      layout_cave_pools, minmay_overflow_temple_star_quad,
          chequers_big_river, uniq_pikel, uniq_crazy_yiuf_cottage, uniq_sigmund
D:6:      minmay_chambers_of_fours, layout_rooms, minmay_temple_entry_crystal_x,
          minmay_misc_feat_five
D:7:      nzn_winding_woodlands_stair_cross
          [nzn_winding_woodlands_5x15_concentric,
          nzn_winding_woodlands_center_garden,
          nzn_winding_woodlands_5x15_pockets,
          nzn_winding_woodlands_5x5_checkerboard,
          nzn_winding_woodlands_5x5_open_star,
          nzn_winding_woodlands_5x15_parted,
          nzn_winding_woodlands_center_triple_pond,
          nzn_winding_woodlands_5x15_jagged], layout_basic,
          nicolae_vehumet_radiance, enter_bailey_3
D:8:      layout_basic, mainiacjoe_overflow_catwalk
D:9:      layout_basic, minmay_misc_feat_tiny, uniq_jeremiah
D:10:     dpeg_index_elf_rogue_hall, layout_basic, mainiacjoe_overflow_alcove_2,
          zin_treasury, orc_0_dummy
D:11:     layout_roguey, erik_lair_orcish_takeover, nicolae_uskayaw_dance_studio
Temple:   cyrus_circular_temple

Skill      XL: |  1  2  3  4  5  6  7  8  9 10 11 12 |
---------------+-------------------------------------+-----
Fighting       | 1 2 3 4 5 6 |  6.0
Earth Magic    | 4 5 6 7 |  7.8
Conjurations   | 2 3 4 5 7 |  7.0
Spellcasting   | 3 4 6 7 8 10 11 | 11.7
Dodging        | 2 |  2.0
Armour         | 4 5 |  5.0
Maces & Flails | 5 9 |  9.8
Shields        | 1 5 6 |  6.0
Alchemy        | 1 |  1.2
Translocations | 1 |  1.0
Stealth        | |  2.1

Action                     |  1- 3 |  4- 6 |  7- 9 | 10-12 || total
---------------------------+-------+-------+-------+-------++-------
  Melee: Dagger            |    63 |     3 |       |       ||    66
         Unarmed           |     3 |       |       |       ||     3
         Punch             |     1 |       |       |       ||     1
         Short sword       |       |    62 |    81 |    49 ||   192
         Morningstar       |       |       |       |   237 ||   237
   Cast: Sandblast         |    46 |    36 |    11 |       ||    93
         Stone Arrow       |       |    11 |    71 |   180 ||   262
         Brom's Barrelling |       |       |     2 |     9 ||    11
 Invoke: Curse Item        |       |       |     1 |     5 ||     6
         Shatter the Chain |       |       |       |     1 ||     1
  Evoke: Wand              |       |       |       |     3 ||     3
    Use: Scroll            |       |     9 |     3 |     3 ||    15
         Potion            |       |     1 |       |     1 ||     2
   Stab: Sleeping          |     1 |     3 |       |     1 ||     5
         Distracted        |       |       |       |     2 ||     2
 Armour: Robe              |    48 |    41 |    20 |       ||   109
         Steam dragon scal |       |       |    32 |   245 ||   277
  Dodge: Dodged            |    60 |    43 |    87 |   325 ||   515
  Block: Buckler           |       |       |       |    82 ||    82
